TOP OF THE 1ST |
Ohio State Buckeyes batting - Pitching for Arizona State Sun Devils : RHP Eric McCray
|
Pitching: RHP Eric McCray
|
|
Batting: RHB Rudy Boyd
|
0-0: Called Strike 0-1: Bunted foul 0-2: SINGLE (Line Drive, 7LS)
|
Batting: RHB Josh Joyner
|
0-0: Fly out, F8 (Flyball, 8RM)
|
Batting: LHB Roberto Herrera
|
0-0: Ball 1-0: Foul Ball, location: 2F 1-1: Fly out, F7 (Flyball, 7LM)
|
Batting: RHB Richie Sawyer
|
0-0: Ball 1-0: Ball 2-0: Ball 3-0: Called Strike 3-1: Swinging Strike 3-2: Base on Balls Rudy Boyd to second
|
Batting: SHB Bill House
|
0-0: Called Strike 0-1: Ball 1-1: Swinging Strike 1-2: Foul Ball, location: 2F 1-2: Ball 2-2: Fly out, F8 (Flyball, 8LD)
|
Top of the 1st over - 0 run(s), 1 hit(s), 0 error(s), 2 left on base; Ohio State 0 - Arizona State 0 |
BOTTOM OF THE 1ST |
Arizona State Sun Devils batting - Pitching for Ohio State Buckeyes : RHP Carlos Flores
|
Pitching: RHP Carlos Flores
|
|
Batting: RHB Ryan Conway
|
0-0: Called Strike 0-1: Ball 1-1: Ball 2-1: Called Strike 2-2: Strikes out swinging
|
Batting: RHB Stan Murray
|
0-0: Called Strike 0-1: Ground out 5-3 (Groundball, 56)
|
Batting: RHB Vernon Harris
|
0-0: Ball 1-0: Foul Ball, location: 2F 1-1: Called Strike 1-2: Ball 2-2: Ball 3-2: Reached on error, E6 (Groundball, 56)
|
Batting: SHB Leonardo González
|
0-0: Ball 1-0: Swinging Strike 1-1: Fly out, F8 (Flyball, 8RS)
|
Bottom of the 1st over - 0 run(s), 0 hit(s), 1 error(s), 1 left on base; Ohio State 0 - Arizona State 0 |
TOP OF THE 2ND |
Ohio State Buckeyes batting - Pitching for Arizona State Sun Devils : RHP Eric McCray
|
Batting: RHB George Pierce
|
0-0: Fly out, F9 (Flyball, 89M)
|
Batting: LHB Abraham Horton
|
0-0: Ball 1-0: Foul Ball, location: 2F 1-1: Ball 2-1: Ball 3-1: Base on Balls
|
Batting: SHB Theodore Draper
|
0-0: Fly out, F7 (Flyball, 7LS)
|
Batting: RHB Frank Hester
|
0-0: Ball 1-0: Called Strike 1-1: Fly out, F4 (Popup, 4D)
|
Top of the 2nd over - 0 run(s), 0 hit(s), 0 error(s), 1 left on base; Ohio State 0 - Arizona State 0 |
BOTTOM OF THE 2ND |
Arizona State Sun Devils batting - Pitching for Ohio State Buckeyes : RHP Carlos Flores
|
Batting: RHB Jeffery Burton
|
0-0: Ball 1-0: Called Strike 1-1: Swinging Strike 1-2: Ball 2-2: SOLO HOME RUN (Flyball, 7LD), Distance : 335 ft
|
Batting: LHB Ryan Billman
|
0-0: Ball 1-0: Ground out 4-3 (Groundball, 34)
|
Batting: RHB Bob Bennett
|
0-0: SINGLE (Groundball, 34D)
|
Batting: LHB John Lynch
|
0-0: Ball 1-0: Called Strike 1-1: Swinging Strike 1-2: Fielders Choice at 2nd, 4-6 (Groundball, 34)
|
Batting: LHB John Turner
|
0-0: Ball 1-0: Ball 2-0: Ball 3-0: Base on Balls John Lynch to second
|
Batting: RHB Ryan Conway
|
0-0: Called Strike 0-1: Ball 1-1: Foul Ball, location: 2F 1-2: SINGLE (Groundball, 5S) (infield hit) John Lynch to third John Turner to second
|
Batting: RHB Stan Murray
|
0-0: Called Strike 0-1: Ball 1-1: Ball 2-1: Fly out, F8 (Flyball, 8LD)
|
Bottom of the 2nd over - 1 run(s), 3 hit(s), 0 error(s), 3 left on base; Ohio State 0 - Arizona State 1 |
TOP OF THE 3RD |
Ohio State Buckeyes batting - Pitching for Arizona State Sun Devils : RHP Eric McCray
|
Batting: RHB Rudy Boyd
|
0-0: Ball 1-0: SINGLE (Line Drive, 78M)
|
Batting: RHB Josh Joyner
|
0-0: Ball 1-0: Called Strike 1-1: Ball 2-1: Ball 3-1: Fly out, F7 (Flyball, 7)
|
Batting: LHB Roberto Herrera
|
0-0: Ball Rudy Boyd steals 2nd base 1-0: Called Strike 1-1: Ground out 4-3 (Groundball, 4) Rudy Boyd to third
|
Batting: RHB Richie Sawyer
|
0-0: Called Strike 0-1: Ball 1-1: Ball 2-1: Foul Ball, location: 2F 2-2: Ball 3-2: Strikes out swinging
|
Top of the 3rd over - 0 run(s), 1 hit(s), 0 error(s), 1 left on base; Ohio State 0 - Arizona State 1 |
BOTTOM OF THE 3RD |
Arizona State Sun Devils batting - Pitching for Ohio State Buckeyes : RHP Carlos Flores
|
Batting: RHB Vernon Harris
|
0-0: Foul Ball, location: 2F 0-1: Foul Ball, location: 2F 0-2: Ball 1-2: Ball 2-2: Foul Ball, location: 2F 2-2: Foul Ball, location: 2F 2-2: Fly out, F5 (Popup, 56)
|
Batting: SHB Leonardo González
|
0-0: Called Strike 0-1: Foul Ball, location: 2F 0-2: SINGLE (Line Drive, 4)
|
Batting: RHB Jeffery Burton
|
0-0: Called Strike 0-1: Ball 1-1: Grounds into double play, 5-4-3 (Groundball, 56)
|
Bottom of the 3rd over - 0 run(s), 1 hit(s), 0 error(s), 0 left on base; Ohio State 0 - Arizona State 1 |
TOP OF THE 4TH |
Ohio State Buckeyes batting - Pitching for Arizona State Sun Devils : RHP Eric McCray
|
Batting: SHB Bill House
|
0-0: Ball 1-0: Ball 2-0: Ball 3-0: Called Strike 3-1: Called Strike 3-2: Ground out 6-3 (Groundball, 6)
|
Batting: RHB George Pierce
|
0-0: Ball 1-0: DOUBLE (Line Drive, 7)
|
Batting: LHB Abraham Horton
|
0-0: Ball 1-0: Ball 2-0: Ball 3-0: Base on Balls
|
Batting: SHB Theodore Draper
|
0-0: Ball Wild Pitch! George Pierce to third Abraham Horton to second 1-0: Ball 2-0: Ball 3-0: Base on Balls
|
Batting: RHB Frank Hester
|
0-0: Called Strike 0-1: Ball 1-1: Grounds into double play, 6-4-3 (Groundball, 56)
|
Top of the 4th over - 0 run(s), 1 hit(s), 0 error(s), 2 left on base; Ohio State 0 - Arizona State 1 |
BOTTOM OF THE 4TH |
Arizona State Sun Devils batting - Pitching for Ohio State Buckeyes : RHP Carlos Flores
|
Batting: LHB Ryan Billman
|
0-0: Fly out, F8 (Flyball, 8RM)
|
Batting: RHB Bob Bennett
|
0-0: Called Strike 0-1: Fly out, F9 (Flyball, 9LS)
|
Batting: LHB John Lynch
|
0-0: Ball 1-0: Ball 2-0: Foul Ball, location: 2F 2-1: Fly out, F1 (Line Drive, 13)
|
Bottom of the 4th over - 0 run(s), 0 hit(s), 0 error(s), 0 left on base; Ohio State 0 - Arizona State 1 |
TOP OF THE 5TH |
Ohio State Buckeyes batting - Pitching for Arizona State Sun Devils : RHP Eric McCray
|
Batting: RHB Rudy Boyd
|
0-0: SINGLE (Line Drive, 7S)
|
Batting: RHB Josh Joyner
|
0-0: SINGLE (Groundball, 4MD) Rudy Boyd to second
|
Batting: LHB Roberto Herrera
|
0-0: Ball Rudy Boyd steals 3rd base Josh Joyner to second 1-0: Ball 2-0: Ball 3-0: Called Strike 3-1: Base on Balls
|
Batting: RHB Richie Sawyer
|
0-0: Ball 1-0: Fly out, F7 (Flyball, 7) Runner from 3rd tags up, SCORES, no throw
|
Batting: SHB Bill House
|
0-0: Fielders Choice at 2nd, 1-6 (Groundball, 13S) Josh Joyner to third
|
Batting: RHB George Pierce
|
0-0: Ball 1-0: Swinging Strike 1-1: Ball 2-1: Foul Ball, location: 2F 2-2: Ground out 5-3 (Groundball, 56S)
|
Top of the 5th over - 1 run(s), 2 hit(s), 0 error(s), 2 left on base; Ohio State 1 - Arizona State 1 |
BOTTOM OF THE 5TH |
Arizona State Sun Devils batting - Pitching for Ohio State Buckeyes : RHP Carlos Flores
|
Batting: LHB John Turner
|
0-0: Called Strike 0-1: Called Strike 0-2: Strikes out swinging
|
Batting: RHB Ryan Conway
|
0-0: Called Strike 0-1: Ball 1-1: Called Strike 1-2: Ball 2-2: Fly out, F7 (Flyball, 7)
|
Batting: RHB Stan Murray
|
0-0: Foul Ball, location: 2F 0-1: Ball 1-1: SINGLE (Line Drive, 8LS)
|
Batting: RHB Vernon Harris
|
0-0: Foul Ball, location: 2F 0-1: Foul Ball, location: 2F 0-2: Strikes out swinging
|
Bottom of the 5th over - 0 run(s), 1 hit(s), 0 error(s), 1 left on base; Ohio State 1 - Arizona State 1 |
TOP OF THE 6TH |
Ohio State Buckeyes batting - Pitching for Arizona State Sun Devils : RHP Eric McCray
|
Batting: LHB Abraham Horton
|
0-0: Ground out 6-3 (Groundball, 6)
|
Pitching: LHP Martin O'Herlihy
|
|
Batting: SHB Theodore Draper
|
0-0: Called Strike 0-1: Ball 1-1: Fly out, F8 (Flyball, 8LS)
|
Batting: RHB Frank Hester
|
Error on foul ball, E7 0-1: Foul Ball, location: 2F 0-2: Ball 1-2: SINGLE (Groundball, 6MD)
|
Batting: RHB Rudy Boyd
|
0-0: Called Strike 0-1: Ball 1-1: Ball 2-1: Foul Ball, location: 2F 2-2: 2-RUN HOME RUN (Flyball, 7D), Distance : 349 ft
|
Batting: RHB Josh Joyner
|
0-0: Ground out 5-3 (Groundball, 56)
|
Top of the 6th over - 2 run(s), 2 hit(s), 1 error(s), 0 left on base; Ohio State 3 - Arizona State 1 |
BOTTOM OF THE 6TH |
Arizona State Sun Devils batting - Pitching for Ohio State Buckeyes : RHP Carlos Flores
|
Batting: SHB Leonardo González
|
0-0: Called Strike 0-1: Ball 1-1: SOLO HOME RUN (Flyball, 89XD), Distance : 372 ft
|
Batting: RHB Jeffery Burton
|
0-0: Ground out 6-3 (Groundball, 6)
|
Batting: LHB Ryan Billman
|
0-0: Ground out 4-3 (Groundball, 4)
|
Batting: RHB Bob Bennett
|
0-0: Called Strike 0-1: Foul Ball, location: 2F 0-2: Ball 1-2: Ball 2-2: Foul Ball, location: 2F 2-2: Fly out, F8 (Flyball, 8LM)
|
Bottom of the 6th over - 1 run(s), 1 hit(s), 0 error(s), 0 left on base; Ohio State 3 - Arizona State 2 |
TOP OF THE 7TH |
Ohio State Buckeyes batting - Pitching for Arizona State Sun Devils : LHP Martin O'Herlihy
|
Pitching: LHP Javier Olivas
|
|
Batting: LHB Roberto Herrera
|
0-0: Called Strike 0-1: Swinging Strike 0-2: Fly out, F7 (Flyball, 7)
|
Batting: RHB Richie Sawyer
|
0-0: Hit by Pitch
|
Batting: SHB Bill House
|
0-0: Ball 1-0: Ball 2-0: Foul Ball, location: 2F 2-1: Ball 3-1: Base on Balls Richie Sawyer to second
|
Pinch Hitting: RHB Edgardo Gonzáles
|
0-0: Called Strike 0-1: Ball 1-1: Called Strike 1-2: Strikes out swinging
|
Batting: LHB Abraham Horton
|
0-0: Ball 1-0: Foul Ball, location: 2F 1-1: Ball 2-1: Ball 3-1: Swinging Strike 3-2: Strikes out looking
|
Top of the 7th over - 0 run(s), 0 hit(s), 0 error(s), 2 left on base; Ohio State 3 - Arizona State 2 |
BOTTOM OF THE 7TH |
Arizona State Sun Devils batting - Pitching for Ohio State Buckeyes : RHP Carlos Flores
|
Pitching: RHP Desi Smith
|
|
Now at 2B: Edgardo Gonzáles
|
|
Batting: LHB John Lynch
|
0-0: SINGLE (Flyball, 89S)
|
Batting: LHB John Turner
|
0-0: Ball 1-0: Grounds into double play, 5-4-3 (Groundball, 56)
|
Batting: RHB Ryan Conway
|
0-0: Called Strike 0-1: Foul Ball, location: 2F 0-2: SINGLE (Groundball, 6MD)
|
Pinch Hitting: RHB Cristo Avalos
|
0-0: Ball 1-0: SINGLE (Groundball, 6MD) Ryan Conway to second Throwing error, E8 Ryan Conway scores Cristo Avalos to second
|
Batting: RHB Vernon Harris
|
0-0: Ball 1-0: Ball 2-0: Foul Ball, location: 2F 2-1: Foul Ball, location: 2F 2-2: Ball 3-2: Base on Balls
|
Batting: SHB Leonardo González
|
0-0: Ball 1-0: Ball 2-0: Ball 3-0: Base on Balls Cristo Avalos to third Vernon Harris to second
|
Batting: RHB Jeffery Burton
|
0-0: Ball 1-0: Fielders Choice at 2nd, 4-6 (Groundball, 4)
|
Bottom of the 7th over - 1 run(s), 3 hit(s), 1 error(s), 2 left on base; Ohio State 3 - Arizona State 3 |
TOP OF THE 8TH |
Ohio State Buckeyes batting - Pitching for Arizona State Sun Devils : LHP Javier Olivas
|
Now in LF: José Serrano
|
|
Batting: SHB Theodore Draper
|
0-0: Called Strike 0-1: SINGLE (Groundball, 56D)
|
Batting: RHB Frank Hester
|
0-0: SINGLE (Flyball, 9LS) Theodore Draper to second
|
Batting: RHB Rudy Boyd
|
0-0: Ball 1-0: Ball 2-0: Ball 3-0: Base on Balls Theodore Draper to third Frank Hester to second
|
Batting: RHB Josh Joyner
|
0-0: SINGLE (Groundball, 6MD) Theodore Draper scores Frank Hester to third Rudy Boyd to second
|
Batting: LHB Roberto Herrera
|
0-0: Called Strike 0-1: Ball 1-1: Ball 2-1: Foul Ball, location: 2F 2-2: Ball 3-2: Strikes out swinging
|
Batting: RHB Richie Sawyer
|
0-0: Ball 1-0: Called Strike 1-1: Foul Ball, location: 2F 1-2: Fly out, F7 (Flyball, 78M) Runner from 3rd tags up, OUT at HOME
|
Top of the 8th over - 1 run(s), 3 hit(s), 0 error(s), 2 left on base; Ohio State 4 - Arizona State 3 |
BOTTOM OF THE 8TH |
Arizona State Sun Devils batting - Pitching for Ohio State Buckeyes : RHP Desi Smith
|
Pitching: LHP Dirk McGee
|
|
Batting: LHB Ryan Billman
|
0-0: Foul Ball, location: 2F 0-1: Called Strike 0-2: Ball 1-2: Foul Ball, location: 2F 1-2: Strikes out swinging
|
Pitching: RHP George Townsley
|
|
Batting: RHB Bob Bennett
|
0-0: Ball 1-0: Ball 2-0: Ball 3-0: Base on Balls
|
Pitching: LHP Gonzalo Tobías
|
|
Batting: LHB John Lynch
|
0-0: Ball 1-0: Ball 2-0: Swinging Strike 2-1: Foul Ball, location: 2F 2-2: Ball 3-2: Foul Ball, location: 2F 3-2: Foul Ball, location: 2F 3-2: Foul Ball, location: 2F 3-2: Base on Balls Bob Bennett to second
|
Batting: LHB John Turner
|
0-0: Ball 1-0: Ball 2-0: Grounds into double play, 4-6-3 (Groundball, 34)
|
Bottom of the 8th over - 0 run(s), 0 hit(s), 0 error(s), 1 left on base; Ohio State 4 - Arizona State 3 |
TOP OF THE 9TH |
Ohio State Buckeyes batting - Pitching for Arizona State Sun Devils : LHP Javier Olivas
|
Pitching: RHP Robby MacRae
|
|
Batting: SHB Bill House
|
0-0: Ball 1-0: Ball 2-0: Called Strike 2-1: Foul Ball, location: 2F 2-2: Strikes out swinging
|
Batting: RHB Edgardo Gonzáles
|
0-0: Ball 1-0: Ball 2-0: Ball 3-0: Called Strike 3-1: Swinging Strike 3-2: Strikes out looking
|
Batting: LHB Abraham Horton
|
0-0: Hit by Pitch
|
Batting: SHB Theodore Draper
|
0-0: Ball Abraham Horton is caught stealing 2nd base
|
Top of the 9th over - 0 run(s), 0 hit(s), 0 error(s), 0 left on base; Ohio State 4 - Arizona State 3 |
BOTTOM OF THE 9TH |
Arizona State Sun Devils batting - Pitching for Ohio State Buckeyes : LHP Gonzalo Tobías
|
Pitching: RHP Don Feightner
|
|
Batting: RHB Ryan Conway
|
0-0: Fly out, F8 (Flyball, 8RM)
|
Pinch Hitting: RHB Bill McMichael
|
0-0: Called Strike 0-1: Ball 1-1: Ball 2-1: Fly out, F7 (Line Drive, 78M)
|
Batting: RHB Vernon Harris
|
0-0: Ball 1-0: Ball 2-0: Ball 3-0: Called Strike 3-1: Called Strike 3-2: Base on Balls
|
Batting: SHB Leonardo González
|
0-0: Ball 1-0: Called Strike 1-1: Foul Ball, location: 2F 1-2: Ball 2-2: Ball Wild Pitch! Vernon Harris to second 3-2: Strikes out swinging
|
Bottom of the 9th over - 0 run(s), 0 hit(s), 0 error(s), 1 left on base; Ohio State 4 - Arizona State 3 |
|